 Dungeon Crawl Stone Soup version 0.21.1-1-g345015fe64 (webtiles) character file.

328 Foic the Chopper (level 6, -4/55 HPs)
             Began as a Hill Orc Abyssal Knight on June 14, 2018.
             Was a Believer of Lugonu.
             Slain by GreedyOne's ghost (11 damage)
             ... on level 4 of the Dungeon.
             The game lasted 00:14:13 (4298 turns).

Foic the Chopper (Hill Orc Abyssal Knight)          Turns: 4298, Time: 00:14:13

Health: -4/55      AC:  8    Str: 17    XL:     6   Next: 50%
Magic:  9/9        EV: 10    Int: 12    God:    Lugonu [**....]
Gold:   197        SH:  0    Dex: 10    Spells: 5/5 levels left

rFire    . . .     SeeInvis .   a - +1 hand axe
rCold    . . .     Gourm    .   (no shield)
rNeg     . . .     Faith    .   e - +0 ring mail
rPois    .         Spirit   .   (no helmet)
rElec    .         Reflect  .   (no cloak)
rCorr    .         Harm     .   f - +0 pair of gloves
MR       .....                  o - +0 pair of boots
Stlth    ..........             (no amulet)
HPRegen  0.18/turn              (no ring)
MPRegen  0.11/turn              (no ring)

@: no status effects
A: no striking features
a: Depart the Abyss, Bend Space, Renounce Religion


You were on level 4 of the Dungeon.
You worshipped Lugonu.
Lugonu was pleased with you.
You were not hungry.

You visited 1 branch of the dungeon, and saw 4 of its levels.
You visited the Abyss 1 time.

You collected 197 gold pieces.

Inventory:

Hand Weapons
 a - a +1 hand axe (weapon)
Missiles
 g - 11 stones (quivered)
Armour
 e - a +0 ring mail (worn)
 f - a +0 pair of gloves (worn)
 o - a +0 pair of boots (worn)
Jewellery
 r - an uncursed amulet of guardian spirit {unknown}
Wands
 p - a wand of enslavement (8)
Scrolls
 d - a scroll of magic mapping {unknown}
 h - 4 scrolls of amnesia {unknown}
 j - a scroll of fog {unknown}
 k - 5 scrolls of remove curse {unknown}
 l - 3 scrolls of identify {unknown}
 n - a scroll of enchant armour {unknown}
Potions
 i - 2 potions of brilliance
 m - 2 potions of curing
Comestibles
 c - 7 rations
 q - a chunk of flesh


   Skills:
 + Level 4.9 Fighting
 + Level 6.1 Axes
 + Level 3.7 Armour
 - Level 0.7 Dodging
 * Level 4.2 Invocations


You had 5 spell levels left.
You didn't know any spells.

Dungeon Overview and Level Annotations

Branches:
Dungeon (4/15)
 Temple: D:4-7

Altars:

Annotations:
D:3 1 runed door
D:4 GreedyOne's ghost, amateur FoFi


Message History

GreedyOne's ghost is moderately damaged.
GreedyOne's ghost hits you!
You hit GreedyOne's ghost but do no damage.
GreedyOne's ghost is moderately damaged.
GreedyOne's ghost closely misses you.
You hit GreedyOne's ghost.
GreedyOne's ghost is moderately damaged.
GreedyOne's ghost hits you!
* * * LOW HITPOINT WARNING * * *
You hit GreedyOne's ghost but do no damage.
GreedyOne's ghost is moderately damaged.
GreedyOne's ghost hits you but does no damage.
You hit GreedyOne's ghost but do no damage.
GreedyOne's ghost is moderately damaged.
GreedyOne's ghost hits you!
* * * LOW HITPOINT WARNING * * *
Okay, then.
There is an open door here.
You open the door. GreedyOne's ghost hits you!
You die...

##### ######
#######...#######....###
......'@W.'............#
#######...#.....#....#.#
#####.....#W...#.#
#.....#....#.#
#.....#....#.#
#######....#.# .....#.#
......#.# #.#


You could see GreedyOne's ghost.

Vanquished Creatures
  The ghost of Greboboi the Conjurer, an amateur DgCj (D:3)
  An orc wizard (D:4)
  Natasha (twice) (D:3)
  4 adders
  6 worms
  2 dart slugs (D:2)
  3 leopard geckos
  5 orcs
  2 giant cockroaches (D:1)
  10 hobgoblins
  11 jackals
  A quokka (D:2)
  2 ball pythons
  11 bats
  3 frilled lizards
  8 goblins
  5 kobolds
  11 rats
88 creatures vanquished.

Vanquished Creatures (others)
  Natasha (D:3)
1 creature vanquished.

Grand Total: 89 creatures vanquished

Notes
Turn   | Place    | Note
-------+----------+-------------------------------------------
     0 | Abyss:1  | Foic the Hill Orc Abyssal Knight began the quest for the Orb.
     0 | Abyss:1  | Reached XP level 1. HP: 19/19 MP: 2/2
    50 | Abyss:1  | Noticed a sixfirhy
    50 | D:1      | Escaped the Abyss
   169 | D:1      | Reached * piety under Lugonu
   191 | D:1      | Reached XP level 2. HP: 15/27 MP: 3/3
   438 | D:1      | Reached skill level 3 in Axes
  1079 | D:2      | Reached XP level 3. HP: 33/33 MP: 5/5
  1472 | D:2      | Reached ** piety under Lugonu
  1585 | D:2      | Reached XP level 4. HP: 39/41 MP: 6/6
  1608 | D:2      | Reached skill level 4 in Axes
  2649 | D:3      | Noticed Greboboi's ghost (amateur DgCj)
  2679 | D:3      | Killed Greboboi's ghost
  2679 | D:3      | Reached skill level 5 in Axes
  2679 | D:3      | Reached XP level 5. HP: 21/47 MP: 7/7
  3399 | D:3      | Found a runed door.
  3484 | D:3      | Noticed Natasha
  3496 | D:3      | Killed Natasha
  3496 | D:3      | Reached XP level 6. HP: 37/53 MP: 7/9
  3548 | D:3      | Noticed Natasha
  3556 | D:3      | Killed Natasha
  3568 | D:3      | Noticed Natasha
  3576 | D:3      | Killed Natasha
  3585 | D:3      | Reached *** piety under Lugonu
  3745 | D:3      | Reached skill level 6 in Axes
  4276 | D:4      | Noticed GreedyOne's ghost (amateur FoFi)
  4298 | D:4      | Slain by GreedyOne's ghost

Skill      XL: |  1  2  3  4  5  6 |
---------------+-------------------+-----
Fighting       | 4 |  4.9
Axes           | 3 5 6 |  6.1
Invocations    | 3 4 |  4.2
Armour         | 3 |  3.7
Dodging        | |  0.7

Action                   |  1- 3 |  4- 6 || total
-------------------------+-------+-------++-------
Melee: Hand axe          |   149 |   210 ||   359
Invok: Depart the Abyss  |     1 |       ||     1
  Use: Potion            |     4 |     1 ||     5
       Scroll            |       |     1 ||     1
  Eat: Chunk             |     2 |     9 ||    11
Armor: Ring mail         |    87 |    80 ||   167
Dodge: Dodged            |    91 |   103 ||   194
